Rocket vs Monsters

Created - May 13, 2022 at 20:42

Goals
1 2 3 T
Rocket 1 2 1 4
Monsters 1 1 1 3
Shots
1 2 3 T
Rocket 8 14 14 36
Monsters 8 15 9 32

1st period

1. Rocket , Brandon Pirri 27 (Mattias Tedenby 43, Corey Trivino 55) at 13:56 (PP)
2. Monsters , Ryan Fitzgerald 10 (Matt Calvert 28, Aaron Ness 48) at 16:37

Penalties :
Maxim Mamin (Cle) for Tripping (Minor) at 2:02, Matt Grzelcyk (Cle) for Interference (Minor) at 12:38

2nd period

3. Rocket , Brandon Pirri 28 (Mattias Tedenby 44, Andrei Mironov 19) at 7:17
4. Monsters , Christian Hanson 22 (Ondrej Kase 50) at 7:33
5. Rocket , Adrian Kempe 30 (Peter Holland 30) at 13:14

Penalties :
Patrik Laine (Cle) for Roughing (Minor) at 13:21

3rd period

6. Monsters , Mitch Marner 24 (Morgan Rielly 36) at 0:57
7. Rocket , Adrian Kempe 31 (Danton Heinen 46, Peter Holland 31) at 17:47

Penalties :
Andrey Pedan (Lav) for Diving (Minor) at 3:20

Goalie Stats

Igor Shesterkin (Lav), 29 saves from 32 shots - (0.906), W, 30-14-2, 60:00 minutes
Eric Comrie (Cle), 32 saves from 36 shots - (0.889), L, 20-9-4, 60:00 minutes

Players Stats for Rocket

Player Name              G  A  P  +/- PIM S  H  SB GA TA FO     MP     PP MP  PK MP  
------------------------------------------------------------------------------------
Adam Fox                 0  0  0   0  0   5  0  4  0  1  0/0    27:39   3:32   0:33 
Adrian Kempe             2  0  2   1  0   7  1  0  0  0  0/3    18:31   2:19   0:31 
Andrei Mironov           0  1  1   0  0   0  1  1  0  1  0/0    17:27   0:00   0:30 
Andrey Pedan             0  0  0   0  2   1  1  1  0  3  0/0    18:22   1:44   0:00 
Brandon Pirri            2  0  2   0  0   6  6  0  2  0  2/2    21:32   2:57   0:00 
Corey Trivino            0  1  1   0  0   6  3  2  0  0  13/28  21:59   2:57   0:27 
Danton Heinen            0  1  1   1  0   2  1  2  0  0  0/0    18:00   2:19   0:00 
Dean Kukan               0  0  0   0  0   0  1  0  0  0  0/0    13:21   0:00   1:07 
Dominic Turgeon          0  0  0  -1  0   2  0  0  0  1  1/5    11:08   0:00   0:58 
Jakub Vrana              0  0  0   0  0   0  1  0  0  0  0/0     9:13   0:00   0:54 
Jiri Sekac               0  0  0  -1  0   0  0  1  0  0  0/0    10:10   0:00   0:00 
Kole Sherwood            0  0  0  -1  0   0  2  1  0  0  0/0    10:10   0:00   0:00 
Luca Sbisa               0  0  0   0  0   0  0  0  0  0  0/0    15:08   1:44   0:52 
Mason Appleton           0  0  0   0  0   1  0  1  0  0  1/3     8:53   0:00   0:34 
Mattias Tedenby          0  2  2   0  0   2  1  0  0  1  0/2    21:32   2:57   0:00 
Peter Holland            0  2  2   1  0   3  3  0  1  1  9/17   18:00   2:19   0:00 
Ty Rattie                0  0  0   0  0   0  1  0  1  0  0/0     8:53   0:00   0:34 
Viktor Loov              0  0  0   0  0   1  3  2  0  0  0/0    28:02   3:32   0:56 

Players Stats for Monsters

Player Name              G  A  P  +/- PIM S  H  SB GA TA FO     MP     PP MP  PK MP  
------------------------------------------------------------------------------------
Aaron Ness               0  1  1   1  0   2  3  1  0  0  0/0    29:30   1:25   3:27 
Austin Watson            0  0  0   0  0   2  2  1  0  0  1/1    14:38   1:02   2:08 
Bobby Farnham            0  0  0   0  0   3  2  0  0  0  0/0    10:26   0:00   0:00 
Christian Hanson         1  0  1   0  0   2  1  0  0  0  15/30  19:46   0:57   1:38 
Dillon Heatherington     0  0  0  -1  0   0  0  0  0  0  0/0    19:42   0:00   2:23 
Francis Perron           0  0  0   0  0   0  0  0  0  0  0/1     9:04   0:00   0:21 
Jared Knight             0  0  0   0  0   3  0  1  0  0  7/10   15:12   0:34   2:57 
Joakim Nordstrom         0  0  0   0  0   4  1  0  1  0  0/0    11:13   0:00   2:47 
Matt Calvert             0  1  1   0  0   2  2  1  2  0  0/0    15:35   0:00   0:00 
Matt Grzelcyk            0  0  0  -1  2   0  1  0  1  0  0/0    18:29   0:34   1:49 
Maxim Mamin              0  0  0   0  2   0  0  0  0  0  1/1    11:30   0:00   0:41 
Mitch Marner             1  0  1   0  0   2  3  0  2  0  0/0    17:39   1:02   0:00 
Morgan Rielly            0  1  1   1  0   1  0  1  1  1  0/0    28:56   1:25   2:53 
Nathan Noel              0  0  0   0  0   0  1  0  0  1  2/2     7:16   0:00   0:00 
Ondrej Kase              0  1  1   0  0   5  1  1  0  1  1/2    19:09   0:57   0:00 
Patrik Laine             0  0  0   0  2   4  0  1  0  1  0/0    17:55   0:57   0:00 
Ryan Fitzgerald          1  0  1   0  0   2  4  0  1  0  7/13   16:41   1:02   0:00 
Tarmo Reunanen           0  0  0   0  0   0  1  2  0  0  0/0    12:00   0:00   0:00 

3 Stars

1 - Brandon Pirri (Lav)
2 - Adrian Kempe (Lav)
3 - Peter Holland (Lav)

Power Play

Rocket - 1 on 3 Attempt(s) - 33.33%
Monsters - 0 on 1 Attempt(s) - 0.00%

Penalty Kill

Rocket - 1 on 1 Attempt(s) - 100.00% - Score 0 goal in Penalty Kill
Monsters - 2 on 3 Attempt(s) - 66.67% - Score 0 goal in Penalty Kill

Team Stat

Rocket - Hits : 25 - Faceoff Wins : 26 - Blocked Shots : 15 - Penalty Minutes : 2
Monsters - Hits : 22 - Faceoff Wins : 34 - Blocked Shots : 9 - Penalty Minutes : 6

Official

Referees : Corey Syvret and Tom Chmielewski
Linesman : Ryan Galloway and Julien Fournier

Game Notes

Nathan Noel is injured at 6:16 of 3rd period (Broken Bone (Left Arm))

Finance

Level 1 -- Attendance: 1905 (95.25%) -- Ticket Income $66,675
Level 2 -- Attendance: 913 (91.30%) -- Ticket Income $13,695
Total Attendance: 2818 (93.93%)
Total Ticket Income: $80,370
Other Income: $4,018
Total Income: $84,388

Rocket

5 vs 5 Forward 
   Center                   Left Wing                Right Wing               Time % Phy DF OF 
 1 Corey Trivino            Brandon Pirri            Mattias Tedenby          40     1   2  2  
 2 Peter Holland            Adrian Kempe             Danton Heinen            30     1   2  2  
 3 Dominic Turgeon          Jiri Sekac               Kole Sherwood            20     1   2  2  
 4 Mason Appleton           Jakub Vrana              Ty Rattie                10     1   2  2  

5 vs 5 Defense 
   Defense                  Defense                                           Time % Phy DF OF 
 1 Viktor Loov              Adam Fox                                          40     1   2  2  
 2 Andrey Pedan             Andrei Mironov                                    30     1   2  2  
 3 Dean Kukan               Luca Sbisa                                        20     1   2  2  
 4 Viktor Loov              Adam Fox                                          10     1   2  2  

PowerPlay Forward 
   Center                   Left Wing                Right Wing               Time % Phy DF OF 
 1 Corey Trivino            Brandon Pirri            Mattias Tedenby          60     0   1  4  
 2 Peter Holland            Adrian Kempe             Danton Heinen            40     0   1  4  

PowerPlay Defense
   Defense                  Defense                                           Time % Phy DF OF 
 1 Viktor Loov              Adam Fox                                          60     0   1  4  
 2 Andrey Pedan             Luca Sbisa                                        40     0   1  4  

Penalty Kill 4 Players Forward 
   Center                   Wing                     Time % Phy DF OF 
 1 Dominic Turgeon          Jakub Vrana              60     0   4  1  
 2 Mason Appleton           Ty Rattie                40     0   4  1  

Penalty Kill 4 Players Defense
   Defense                  Defense                  Time % Phy DF OF 
 1 Viktor Loov              Dean Kukan               60     0   5  0  
 2 Andrey Pedan             Luca Sbisa               40     0   5  0  

Penalty Kill - 3 Players Forward 
   Forward                                           Time % Phy DF OF 
 1 Dominic Turgeon                                   60     0   5  0  
 2 Corey Trivino                                     40     0   5  0  

Penalty Kill - 3 Players Defense
   Defense                  Defense                  Time % Phy DF OF 
 1 Luca Sbisa               Andrey Pedan             60     0   5  0  
 2 Andrei Mironov           Viktor Loov              40     0   5  0  

4 vs 4 Forward 
   Center                   Wing                     Time % Phy DF OF 
 1 Mattias Tedenby          Corey Trivino            60     0   2  3  
 2 Brandon Pirri            Adrian Kempe             40     0   2  3  

4 vs 4 Defense
   Defense                  Defense                  Time % Phy DF OF 
 1 Viktor Loov              Adam Fox                 60     0   2  3  
 2 Andrey Pedan             Luca Sbisa               40     0   2  3  

Last Minutes Offensive
   Center                   Left Wing                Right Wing               Defense                  Defense                  
   Corey Trivino            Brandon Pirri            Mattias Tedenby          Viktor Loov              Adam Fox                 

Last Minutes Defensive
   Center                   Left Wing                Right Wing               Defense                  Defense                  
   Corey Trivino            Brandon Pirri            Mattias Tedenby          Luca Sbisa               Dean Kukan               

Goaltenders
Starting : Igor Shesterkin          
Backup : Sami Aittokallio         

Extra Forwards
Normal : Danton Heinen, Adrian Kempe, Mattias Tedenby - PP : Mattias Tedenby, Danton Heinen - PK : Dominic Turgeon
Extra Defensemen
Normal : Andrei Mironov, Adam Fox, Andrey Pedan - PP : Andrei Mironov - PK : Adam Fox, Andrey Pedan
Penalty Shots
Mattias Tedenby, Corey Trivino, Brandon Pirri, Adrian Kempe, Danton Heinen

Scratches
Daniel Sprong (Healthy), Dylan DeMelo (Healthy), Guillaume Brisebois (Healthy), Jack Glover (Bruised Right Foot Injury), Ryan Collins (Healthy)
Sergey Tolchinsky (Healthy), Tyler Lewington (Healthy), Karson Kuhlman (Healthy), Luke Kunin (Healthy), Mikhail Maltsev (Healthy)

Monsters

5 vs 5 Forward 
   Center                   Left Wing                Right Wing               Time % Phy DF OF 
 1 Christian Hanson         Patrik Laine             Ondrej Kase              40     1   2  2  
 2 Ryan Fitzgerald          Matt Calvert             Mitch Marner             30     1   2  2  
 3 Jared Knight             Austin Watson            Bobby Farnham            20     1   2  2  
 4 Nathan Noel              Joakim Nordstrom         Francis Perron           10     1   2  2  

5 vs 5 Defense 
   Defense                  Defense                                           Time % Phy DF OF 
 1 Morgan Rielly            Aaron Ness                                        40     1   2  2  
 2 Dillon Heatherington     Matt Grzelcyk                                     30     1   2  2  
 3 Tarmo Reunanen           Maxim Mamin                                       20     1   2  2  
 4 Morgan Rielly            Aaron Ness                                        10     1   2  2  

PowerPlay Forward 
   Center                   Left Wing                Right Wing               Time % Phy DF OF 
 1 Christian Hanson         Patrik Laine             Ondrej Kase              60     1   2  2  
 2 Ryan Fitzgerald          Austin Watson            Mitch Marner             40     1   2  2  

PowerPlay Defense
   Defense                  Defense                                           Time % Phy DF OF 
 1 Morgan Rielly            Aaron Ness                                        60     1   2  2  
 2 Jared Knight             Matt Grzelcyk                                     40     1   2  2  

Penalty Kill 4 Players Forward 
   Center                   Wing                     Time % Phy DF OF 
 1 Jared Knight             Joakim Nordstrom         60     1   2  2  
 2 Maxim Mamin              Austin Watson            40     1   2  2  

Penalty Kill 4 Players Defense
   Defense                  Defense                  Time % Phy DF OF 
 1 Morgan Rielly            Aaron Ness               60     1   2  2  
 2 Dillon Heatherington     Matt Grzelcyk            40     1   2  2  

Penalty Kill - 3 Players Forward 
   Forward                                           Time % Phy DF OF 
 1 Jared Knight                                      60     1   2  2  
 2 Christian Hanson                                  40     1   2  2  

Penalty Kill - 3 Players Defense
   Defense                  Defense                  Time % Phy DF OF 
 1 Morgan Rielly            Aaron Ness               60     1   2  2  
 2 Dillon Heatherington     Matt Grzelcyk            40     1   2  2  

4 vs 4 Forward 
   Center                   Wing                     Time % Phy DF OF 
 1 Christian Hanson         Mitch Marner             60     1   2  2  
 2 Jared Knight             Ondrej Kase              40     1   2  2  

4 vs 4 Defense
   Defense                  Defense                  Time % Phy DF OF 
 1 Morgan Rielly            Aaron Ness               60     1   2  2  
 2 Dillon Heatherington     Matt Grzelcyk            40     1   2  2  

Last Minutes Offensive
   Center                   Left Wing                Right Wing               Defense                  Defense                  
   Christian Hanson         Mitch Marner             Ondrej Kase              Morgan Rielly            Aaron Ness               

Last Minutes Defensive
   Center                   Left Wing                Right Wing               Defense                  Defense                  
   Jared Knight             Joakim Nordstrom         Ondrej Kase              Morgan Rielly            Aaron Ness               

Goaltenders
Starting : Eric Comrie              
Backup : Phoenix Copley           

Extra Forwards
Normal : Mitch Marner, Ondrej Kase, Christian Hanson - PP : Francis Perron, Bobby Farnham - PK : Joakim Nordstrom
Extra Defensemen
Normal : Tarmo Reunanen, Dillon Heatherington, Matt Grzelcyk - PP : Tarmo Reunanen - PK : Dillon Heatherington, Matt Grzelcyk
Penalty Shots
Mitch Marner, Christian Hanson, Ondrej Kase, Patrik Laine, Bobby Farnham

Scratches
Cameron Hughes (Healthy), Richard Nejezchleb (Healthy), Victor Mete (Left Hand Injury), Marc Michaelis (Healthy), Peyton Jones (Healthy)

% Time on Ice - Rocket

Lines # - Real PCT - Wanted PCT - Time Play
Normal Forward
1 - 34% - 40% - 17:23
2 - 30% - 30% - 15:41
3 - 20% - 20% - 10:10
4 - 16% - 10% - 8:19
Normal Defense
1 - 41% - 40% - 21:23
2 - 33% - 30% - 16:57
3 - 21% - 20% - 11:02
4 - 4% - 10% - 2:11
PP Forward
1 - 56% - 60% - 2:57
2 - 44% - 40% - 2:19
PP Defense
1 - 67% - 60% - 3:32
2 - 33% - 40% - 1:44
PK Forward
1 - 71% - 60% - 1:25
2 - 29% - 40% - 0:34
PK Defense
1 - 47% - 60% - 0:56
2 - 53% - 40% - 1:03
PK3 Forward
1 - 0% - 60%
2 - 0% - 40%
PK3 Defense
1 - 0% - 60%
2 - 0% - 40%
44 Forward
1 - 0% - 60%
2 - 0% - 40%
44 Defense
1 - 0% - 60%
2 - 0% - 40%
Last Minute Offensive  - 0:00
Last Minute Defensive  - 1:12
Total
Forward - 60:00
Defense - 60:00

% Time on Ice - Monsters

Lines # - Real PCT - Wanted PCT - Time Play
Normal Forward
1 - 33% - 40% - 17:01
2 - 30% - 30% - 15:39
3 - 20% - 20% - 10:26
4 - 16% - 10% - 8:25
Normal Defense
1 - 42% - 40% - 21:48
2 - 31% - 30% - 16:07
3 - 21% - 20% - 10:46
4 - 5% - 10% - 2:50
PP Forward
1 - 48% - 60% - 0:57
2 - 52% - 40% - 1:02
PP Defense
1 - 71% - 60% - 1:25
2 - 29% - 40% - 0:34
PK Forward
1 - 72% - 60% - 3:48
2 - 28% - 40% - 1:28
PK Defense
1 - 55% - 60% - 2:53
2 - 45% - 40% - 2:23
PK3 Forward
1 - 0% - 60%
2 - 0% - 40%
PK3 Defense
1 - 0% - 60%
2 - 0% - 40%
44 Forward
1 - 0% - 60%
2 - 0% - 40%
44 Defense
1 - 0% - 60%
2 - 0% - 40%
Last Minute Offensive  - 1:14
Last Minute Defensive  - 0:00
Total
Forward - 60:00
Defense - 60:00

Play-by-Play

1st period


0:01 of 1st period - Corey Trivino wins face-off versus Christian Hanson in neutral zone.
0:06 of 1st period - Snap shot by Mattias Tedenby.
0:06 of 1st period - Shot Misses the Net.
0:26 of 1st period - Peter Holland is hit by Aaron Ness and loses puck.
0:55 of 1st period - Snap shot by Jakub Vrana.
0:55 of 1st period - Shot Blocked by Jared Knight.
1:19 of 1st period - Wrist shot by Christian Hanson.
1:19 of 1st period - Shot Misses the Net.
2:02 of 1st period - Minor Penalty to Maxim Mamin for Tripping.
2:03 of 1st period - Jared Knight wins face-off versus Corey Trivino in Monsters zone.
2:15 of 1st period - Snap shot by Jared Knight.
2:15 of 1st period - Shot Blocked by Adam Fox.
2:29 of 1st period - Adam Fox is hit by Austin Watson and loses puck.
2:48 of 1st period - Adam Fox is hit by Matt Grzelcyk and loses puck.
4:02 of 1st period - Penalty to Maxim Mamin is over, Maxim Mamin is back on ice.
4:11 of 1st period - Icing by Kole Sherwood.
4:12 of 1st period - Ryan Fitzgerald wins face-off versus Dominic Turgeon in Rocket zone.
4:29 of 1st period - Jiri Sekac is hit by Matt Calvert and loses puck.
4:42 of 1st period - Slapshot by Matt Calvert.
4:42 of 1st period - Deflect By Mitch Marner.
4:42 of 1st period - Stopped by Igor Shesterkin without a rebound.
4:43 of 1st period - Christian Hanson wins face-off versus Peter Holland in Rocket zone.
5:08 of 1st period - Austin Watson is hit by Andrei Mironov and loses puck.
5:38 of 1st period - Wrist shot by Dominic Turgeon.
5:38 of 1st period - Stopped by Eric Comrie with a rebound.
5:57 of 1st period - Snap shot by Ondrej Kase.
5:57 of 1st period - Stopped by Igor Shesterkin with a rebound.
5:59 of 1st period - Slapshot by Matt Grzelcyk.
5:59 of 1st period - Deflect By Patrik Laine.
5:59 of 1st period - Stopped by Igor Shesterkin with a rebound.
7:05 of 1st period - Joakim Nordstrom is hit by Brandon Pirri and loses puck.
7:18 of 1st period - Wrist shot by Mattias Tedenby.
7:18 of 1st period - Shot Misses the Net.
8:14 of 1st period - Dillon Heatherington is hit by Corey Trivino and loses puck.
9:03 of 1st period - Matt Calvert is hit by Peter Holland and loses puck.
9:34 of 1st period - Slapshot by Jared Knight.
9:34 of 1st period - Stopped by Igor Shesterkin with a rebound.
9:40 of 1st period - Wrist shot by Corey Trivino.
9:40 of 1st period - Stopped by Eric Comrie without a rebound.
9:41 of 1st period - Austin Watson wins face-off versus Peter Holland in Monsters zone.
10:11 of 1st period - Ondrej Kase is hit by Kole Sherwood.
10:31 of 1st period - Wrist shot by Mason Appleton.
10:31 of 1st period - Stopped by Eric Comrie without a rebound.
10:32 of 1st period - Ryan Fitzgerald wins face-off versus Corey Trivino in Monsters zone.
11:16 of 1st period - Icing by Peter Holland.
11:17 of 1st period - Christian Hanson wins face-off versus Peter Holland in Rocket zone.
11:30 of 1st period - Wrist shot by Danton Heinen.
11:30 of 1st period - Stopped by Eric Comrie with a rebound.
11:32 of 1st period - Slapshot by Luca Sbisa.
11:32 of 1st period - Shot Misses the Net.
12:02 of 1st period - Wrist shot by Joakim Nordstrom.
12:02 of 1st period - Stopped by Igor Shesterkin without a rebound.
12:03 of 1st period - Nathan Noel wins face-off versus Dominic Turgeon in Rocket zone.
12:18 of 1st period - Snap shot by Francis Perron.
12:18 of 1st period - Shot Misses the Net.
12:38 of 1st period - Minor Penalty to Matt Grzelcyk for Interference.
12:39 of 1st period - Brandon Pirri wins face-off versus Jared Knight in Monsters zone.
13:11 of 1st period - Off-side.
13:12 of 1st period - Maxim Mamin wins face-off versus Adrian Kempe in neutral zone.
13:37 of 1st period - Jared Knight is hit by Corey Trivino and loses puck.
13:44 of 1st period - Wrist shot by Corey Trivino.
13:44 of 1st period - Stopped by Eric Comrie with a rebound.
13:46 of 1st period - Snap shot by Brandon Pirri.
13:46 of 1st period - Stopped by Eric Comrie without a rebound.
13:47 of 1st period - Brandon Pirri wins face-off versus Jared Knight in Monsters zone.
13:56 of 1st period - Slapshot by Brandon Pirri.
13:56 of 1st period - Goal by Brandon Pirri - Rocket : 1 - Monsters : 0.
13:57 of 1st period - Corey Trivino wins face-off versus Christian Hanson in neutral zone.
14:00 of 1st period - Ondrej Kase is hit by Brandon Pirri and loses puck.
14:08 of 1st period - Off-side.
14:09 of 1st period - Christian Hanson wins face-off versus Corey Trivino in neutral zone.
14:22 of 1st period - Snap shot by Corey Trivino.
14:22 of 1st period - Shot Blocked by Aaron Ness.
14:24 of 1st period - Snap shot by Corey Trivino.
14:24 of 1st period - Shot Misses the Net.
14:40 of 1st period - Slapshot by Mitch Marner.
14:40 of 1st period - Shot Blocked by Andrei Mironov.
14:42 of 1st period - Snap shot by Ryan Fitzgerald.
14:42 of 1st period - Shot Blocked by Danton Heinen.
14:44 of 1st period - Slapshot by Morgan Rielly.
14:44 of 1st period - Shot Misses the Net.
14:56 of 1st period - Austin Watson is hit by Kole Sherwood and loses puck.
15:15 of 1st period - Dean Kukan is hit by Nathan Noel and loses puck.
16:00 of 1st period - Wrist shot by Matt Calvert.
16:00 of 1st period - Shot Misses the Net.
16:02 of 1st period - Snap shot by Matt Calvert.
16:02 of 1st period - Stopped by Igor Shesterkin without a rebound.
16:03 of 1st period - Ryan Fitzgerald wins face-off versus Corey Trivino in Rocket zone.
16:30 of 1st period - Aaron Ness is hit by Peter Holland and loses puck.
16:37 of 1st period - Slapshot by Ryan Fitzgerald.
16:37 of 1st period - Goal by Ryan Fitzgerald - Rocket : 1 - Monsters : 1.
16:38 of 1st period - Corey Trivino wins face-off versus Christian Hanson in neutral zone.
16:43 of 1st period - Icing by Ondrej Kase.
16:44 of 1st period - Corey Trivino wins face-off versus Christian Hanson in Monsters zone.
16:57 of 1st period - Snap shot by Christian Hanson.
16:57 of 1st period - Shot Misses the Net.
17:35 of 1st period - Jiri Sekac is hit by Mitch Marner and loses puck.
17:58 of 1st period - Wrist shot by Corey Trivino.
17:58 of 1st period - Shot Misses the Net.
18:32 of 1st period - Wrist shot by Adrian Kempe.
18:32 of 1st period - Stopped by Eric Comrie without a rebound.
18:33 of 1st period - Jared Knight wins face-off versus Adrian Kempe in Monsters zone.
18:59 of 1st period - Ondrej Kase is hit by Brandon Pirri and loses puck.
19:22 of 1st period - Andrei Mironov is hit by Ryan Fitzgerald.
19:56 of 1st period - Wrist shot by Joakim Nordstrom.
19:56 of 1st period - Stopped by Igor Shesterkin without a rebound.
19:57 of 1st period - Ondrej Kase wins face-off versus Corey Trivino in Rocket zone.
Goals for this period are 1 for Rocket vs 1 for Monsters.
Shots for this period are 8 for Rocket vs 8 for Monsters.

2nd period


0:01 of 2nd period - Christian Hanson wins face-off versus Corey Trivino in neutral zone.
0:04 of 2nd period - Snap shot by Patrik Laine.
0:04 of 2nd period - Stopped by Igor Shesterkin with a rebound.
0:06 of 2nd period - Slapshot by Morgan Rielly.
0:06 of 2nd period - Shot Misses the Net.
0:08 of 2nd period - Snap shot by Patrik Laine.
0:08 of 2nd period - Shot Misses the Net.
0:12 of 2nd period - Snap shot by Ondrej Kase.
0:12 of 2nd period - Shot Misses the Net.
0:14 of 2nd period - Wrist shot by Patrik Laine.
0:14 of 2nd period - Stopped by Igor Shesterkin with a rebound.
0:16 of 2nd period - Wrist shot by Patrik Laine.
0:16 of 2nd period - Shot Blocked by Viktor Loov.
0:26 of 2nd period - Aaron Ness is hit by Viktor Loov.
0:30 of 2nd period - Adam Fox is hit by Mitch Marner and loses puck.
0:53 of 2nd period - Slapshot by Adam Fox.
0:53 of 2nd period - Stopped by Eric Comrie with a rebound.
0:55 of 2nd period - Wrist shot by Jiri Sekac.
0:55 of 2nd period - Shot Misses the Net.
1:11 of 2nd period - Wrist shot by Mattias Tedenby.
1:11 of 2nd period - Deflect By Brandon Pirri.
1:11 of 2nd period - Stopped by Eric Comrie without a rebound.
1:12 of 2nd period - Corey Trivino wins face-off versus Francis Perron in Monsters zone.
1:23 of 2nd period - Snap shot by Brandon Pirri.
1:23 of 2nd period - Stopped by Eric Comrie without a rebound.
1:24 of 2nd period - Christian Hanson wins face-off versus Mattias Tedenby in Monsters zone.
1:35 of 2nd period - Wrist shot by Patrik Laine.
1:35 of 2nd period - Shot Misses the Net.
1:37 of 2nd period - Wrist shot by Ondrej Kase.
1:37 of 2nd period - Shot Blocked by Andrey Pedan.
1:49 of 2nd period - Andrei Mironov is hit by Matt Calvert and loses puck.
1:58 of 2nd period - Snap shot by Matt Calvert.
1:58 of 2nd period - Stopped by Igor Shesterkin with a rebound.
2:37 of 2nd period - Snap shot by Ondrej Kase.
2:37 of 2nd period - Stopped by Igor Shesterkin with a rebound.
2:39 of 2nd period - Snap shot by Christian Hanson.
2:39 of 2nd period - Shot Blocked by Adam Fox.
2:49 of 2nd period - Morgan Rielly is hit by Brandon Pirri and loses puck.
3:16 of 2nd period - Adrian Kempe is hit by Tarmo Reunanen and loses puck.
3:23 of 2nd period - Snap shot by Joakim Nordstrom.
3:23 of 2nd period - Stopped by Igor Shesterkin with a rebound.
3:25 of 2nd period - Wrist shot by Francis Perron.
3:25 of 2nd period - Shot Misses the Net.
3:27 of 2nd period - Slapshot by Nathan Noel.
3:27 of 2nd period - Shot Blocked by Danton Heinen.
3:33 of 2nd period - Slapshot by Morgan Rielly.
3:33 of 2nd period - Stopped by Igor Shesterkin without a rebound.
3:34 of 2nd period - Christian Hanson wins face-off versus Corey Trivino in Rocket zone.
3:47 of 2nd period - Snap shot by Andrey Pedan.
3:47 of 2nd period - Deflect By Morgan Rielly.
3:47 of 2nd period - Stopped by Eric Comrie without a rebound.
3:48 of 2nd period - Peter Holland wins face-off versus Christian Hanson in Monsters zone.
3:53 of 2nd period - Wrist shot by Peter Holland.
3:53 of 2nd period - Stopped by Eric Comrie with a rebound.
3:55 of 2nd period - Snap shot by Peter Holland.
3:55 of 2nd period - Stopped by Eric Comrie with a rebound.
4:13 of 2nd period - Corey Trivino is hit by Ryan Fitzgerald and loses puck.
4:32 of 2nd period - Wrist shot by Jared Knight.
4:32 of 2nd period - Stopped by Igor Shesterkin with a rebound.
4:34 of 2nd period - Slapshot by Austin Watson.
4:34 of 2nd period - Stopped by Igor Shesterkin with a rebound.
4:36 of 2nd period - Slapshot by Dillon Heatherington.
4:36 of 2nd period - Shot Blocked by Kole Sherwood.
4:57 of 2nd period - Slapshot by Aaron Ness.
4:57 of 2nd period - Shot Misses the Net.
4:59 of 2nd period - Slapshot by Aaron Ness.
4:59 of 2nd period - Stopped by Igor Shesterkin with a rebound.
5:38 of 2nd period - Matt Grzelcyk is hit by Corey Trivino and loses puck.
6:23 of 2nd period - Icing by Matt Grzelcyk.
6:24 of 2nd period - Nathan Noel wins face-off versus Mason Appleton in Monsters zone.
7:15 of 2nd period - Snap shot by Mattias Tedenby.
7:15 of 2nd period - Stopped by Eric Comrie with a rebound.
7:17 of 2nd period - Wrist shot by Brandon Pirri.
7:17 of 2nd period - Goal by Brandon Pirri - Rocket : 2 - Monsters : 1.
7:18 of 2nd period - Christian Hanson wins face-off versus Corey Trivino in neutral zone.
7:33 of 2nd period - Wrist shot by Christian Hanson.
7:33 of 2nd period - Goal by Christian Hanson - Rocket : 2 - Monsters : 2.
7:34 of 2nd period - Christian Hanson wins face-off versus Corey Trivino in neutral zone.
8:06 of 2nd period - Snap shot by Mattias Tedenby.
8:06 of 2nd period - Deflect By Corey Trivino.
8:06 of 2nd period - Stopped by Eric Comrie without a rebound.
8:07 of 2nd period - Christian Hanson wins face-off versus Adrian Kempe in Monsters zone.
8:07 of 2nd period - Christian Hanson is hit by Andrey Pedan.
8:17 of 2nd period - Slapshot by Ondrej Kase.
8:17 of 2nd period - Stopped by Igor Shesterkin with a rebound.
8:21 of 2nd period - Snap shot by Christian Hanson.
8:21 of 2nd period - Stopped by Igor Shesterkin without a rebound.
8:22 of 2nd period - Ryan Fitzgerald wins face-off versus Corey Trivino in Rocket zone.
8:23 of 2nd period - Snap shot by Mitch Marner.
8:23 of 2nd period - Deflect By Ryan Fitzgerald.
8:23 of 2nd period - Stopped by Igor Shesterkin with a rebound.
8:25 of 2nd period - Slapshot by Aaron Ness.
8:25 of 2nd period - Stopped by Igor Shesterkin without a rebound.
8:26 of 2nd period - Corey Trivino wins face-off versus Ryan Fitzgerald in Rocket zone.
9:21 of 2nd period - Snap shot by Jared Knight.
9:21 of 2nd period - Stopped by Igor Shesterkin without a rebound.
9:22 of 2nd period - Corey Trivino wins face-off versus Christian Hanson in Rocket zone.
10:11 of 2nd period - Dean Kukan is hit by Aaron Ness and loses puck.
10:58 of 2nd period - Snap shot by Mattias Tedenby.
10:58 of 2nd period - Stopped by Eric Comrie without a rebound.
10:59 of 2nd period - Christian Hanson wins face-off versus Peter Holland in Monsters zone.
11:14 of 2nd period - Wrist shot by Christian Hanson.
11:14 of 2nd period - Shot Misses the Net.
11:21 of 2nd period - Icing by Adam Fox.
11:22 of 2nd period - Peter Holland wins face-off versus Ryan Fitzgerald in Rocket zone.
11:47 of 2nd period - Adam Fox is hit by Bobby Farnham and loses puck.
12:00 of 2nd period - Wrist shot by Peter Holland.
12:00 of 2nd period - Stopped by Eric Comrie with a rebound.
12:39 of 2nd period - Off-side.
12:40 of 2nd period - Corey Trivino wins face-off versus Ondrej Kase in neutral zone.
12:42 of 2nd period - Off-side.
12:43 of 2nd period - Corey Trivino wins face-off versus Christian Hanson in neutral zone.
13:12 of 2nd period - Backhand shot by Adam Fox.
13:12 of 2nd period - Stopped by Eric Comrie without a rebound.
13:13 of 2nd period - Peter Holland wins face-off versus Ryan Fitzgerald in Monsters zone.
13:14 of 2nd period - Slapshot by Adrian Kempe.
13:14 of 2nd period - Goal by Adrian Kempe - Rocket : 3 - Monsters : 2.
13:15 of 2nd period - Corey Trivino wins face-off versus Christian Hanson in neutral zone.
13:21 of 2nd period - Minor Penalty to Patrik Laine for Roughing.
13:22 of 2nd period - Jared Knight wins face-off versus Corey Trivino in Monsters zone.
14:25 of 2nd period - Austin Watson is hit by Brandon Pirri and loses puck.
15:18 of 2nd period - Icing by Adrian Kempe.
15:19 of 2nd period - Christian Hanson wins face-off versus Peter Holland in Rocket zone.
15:21 of 2nd period - Penalty to Patrik Laine is over, Patrik Laine is back on ice.
15:30 of 2nd period - Wrist shot by Jiri Sekac.
15:30 of 2nd period - Shot Misses the Net.
15:32 of 2nd period - Slapshot by Kole Sherwood.
15:32 of 2nd period - Shot Blocked by Tarmo Reunanen.
15:38 of 2nd period - Snap shot by Jiri Sekac.
15:38 of 2nd period - Deflect By Dominic Turgeon.
15:38 of 2nd period - Stopped by Eric Comrie with a rebound.
15:48 of 2nd period - Andrei Mironov is hit by Christian Hanson and loses puck.
16:09 of 2nd period - Wrist shot by Jiri Sekac.
16:09 of 2nd period - Shot Misses the Net.
16:44 of 2nd period - Snap shot by Jared Knight.
16:44 of 2nd period - Shot Misses the Net.
19:17 of 2nd period - Viktor Loov is hit by Joakim Nordstrom and loses puck.
19:30 of 2nd period - Snap shot by Jiri Sekac.
19:30 of 2nd period - Shot Blocked by Ondrej Kase.
Goals for this period are 2 for Rocket vs 1 for Monsters.
Shots for this period are 14 for Rocket vs 15 for Monsters.

3rd period


0:01 of 3rd period - Corey Trivino wins face-off versus Christian Hanson in neutral zone.
0:04 of 3rd period - Wrist shot by Adam Fox.
0:04 of 3rd period - Shot Blocked by Morgan Rielly.
0:12 of 3rd period - Snap shot by Ondrej Kase.
0:12 of 3rd period - Shot Blocked by Corey Trivino.
0:14 of 3rd period - Snap shot by Patrik Laine.
0:14 of 3rd period - Stopped by Igor Shesterkin without a rebound.
0:15 of 3rd period - Peter Holland wins face-off versus Ryan Fitzgerald in Rocket zone.
0:26 of 3rd period - Aaron Ness is hit by Peter Holland and loses puck.
0:41 of 3rd period - Aaron Ness is hit by Viktor Loov.
0:57 of 3rd period - Slapshot by Mitch Marner.
0:57 of 3rd period - Goal by Mitch Marner - Rocket : 3 - Monsters : 3.
0:58 of 3rd period - Christian Hanson wins face-off versus Corey Trivino in neutral zone.
1:13 of 3rd period - Wrist shot by Christian Hanson.
1:13 of 3rd period - Shot Misses the Net.
1:48 of 3rd period - Snap shot by Mitch Marner.
1:48 of 3rd period - Shot Misses the Net.
2:12 of 3rd period - Wrist shot by Joakim Nordstrom.
2:12 of 3rd period - Stopped by Igor Shesterkin with a rebound.
2:22 of 3rd period - Dillon Heatherington is hit by Brandon Pirri and loses puck.
2:53 of 3rd period - Snap shot by Austin Watson.
2:53 of 3rd period - Stopped by Igor Shesterkin without a rebound.
2:54 of 3rd period - Ryan Fitzgerald wins face-off versus Corey Trivino in Rocket zone.
3:03 of 3rd period - Slapshot by Corey Trivino.
3:03 of 3rd period - Shot Misses the Net.
3:20 of 3rd period - Minor Penalty to Andrey Pedan for Diving.
3:21 of 3rd period - Christian Hanson wins face-off versus Dominic Turgeon in Rocket zone.
3:21 of 3rd period - Wrist shot by Ondrej Kase.
3:21 of 3rd period - Stopped by Igor Shesterkin without a rebound.
3:22 of 3rd period - Dominic Turgeon wins face-off versus Christian Hanson in Rocket zone.
5:09 of 3rd period - Morgan Rielly is hit by Ty Rattie and loses puck.
5:20 of 3rd period - Penalty to Andrey Pedan is over, Andrey Pedan is back on ice.
5:50 of 3rd period - Snap shot by Bobby Farnham.
5:50 of 3rd period - Shot Blocked by Adam Fox.
6:02 of 3rd period - Ondrej Kase is hit by Viktor Loov and loses puck.
6:15 of 3rd period - Nathan Noel is hit by Jakub Vrana and loses puck.
6:16 of 3rd period - Nathan Noel from Monsters is injured at 6:16 of 3rd period (Broken Bone (Left Arm)).
6:17 of 3rd period - Corey Trivino wins face-off versus Christian Hanson in Monsters zone.
6:20 of 3rd period - Slapshot by Adam Fox.
6:20 of 3rd period - Stopped by Eric Comrie with a rebound.
6:55 of 3rd period - Off-side.
6:56 of 3rd period - Christian Hanson wins face-off versus Peter Holland in neutral zone.
6:59 of 3rd period - Slapshot by Aaron Ness.
6:59 of 3rd period - Shot Misses the Net.
7:01 of 3rd period - Slapshot by Morgan Rielly.
7:01 of 3rd period - Shot Misses the Net.
7:42 of 3rd period - Wrist shot by Jakub Vrana.
7:42 of 3rd period - Shot Blocked by Austin Watson.
8:28 of 3rd period - Wrist shot by Ondrej Kase.
8:28 of 3rd period - Deflect By Christian Hanson.
8:28 of 3rd period - Shot Hit the Post.
8:28 of 3rd period - Puck is out of play.
8:29 of 3rd period - Peter Holland wins face-off versus Christian Hanson in Rocket zone.
8:29 of 3rd period - Peter Holland is hit by Ondrej Kase.
8:59 of 3rd period - Snap shot by Bobby Farnham.
8:59 of 3rd period - Shot Misses the Net.
9:52 of 3rd period - Icing by Ty Rattie.
9:53 of 3rd period - Mason Appleton wins face-off versus Jared Knight in Rocket zone.
10:09 of 3rd period - Corey Trivino is hit by Bobby Farnham and loses puck.
10:24 of 3rd period - Backhand shot by Adrian Kempe.
10:24 of 3rd period - Stopped by Eric Comrie with a rebound.
10:30 of 3rd period - Snap shot by Adrian Kempe.
10:30 of 3rd period - Stopped by Eric Comrie without a rebound.
10:31 of 3rd period - Peter Holland wins face-off versus Ryan Fitzgerald in Monsters zone.
10:32 of 3rd period - Slapshot by Danton Heinen.
10:32 of 3rd period - Stopped by Eric Comrie without a rebound.
10:33 of 3rd period - Ryan Fitzgerald wins face-off versus Peter Holland in Monsters zone.
10:33 of 3rd period - Ryan Fitzgerald is hit by Adrian Kempe.
11:18 of 3rd period - Jiri Sekac is hit by Austin Watson and loses puck.
11:25 of 3rd period - Snap shot by Bobby Farnham.
11:25 of 3rd period - Shot Misses the Net.
11:27 of 3rd period - Wrist shot by Austin Watson.
11:27 of 3rd period - Shot Misses the Net.
11:29 of 3rd period - Wrist shot by Bobby Farnham.
11:29 of 3rd period - Deflect By Andrey Pedan.
11:29 of 3rd period - Stopped by Igor Shesterkin with a rebound.
12:06 of 3rd period - Slapshot by Adrian Kempe.
12:06 of 3rd period - Shot Misses the Net.
12:08 of 3rd period - Wrist shot by Peter Holland.
12:08 of 3rd period - Deflect By Adrian Kempe.
12:08 of 3rd period - Shot Blocked by Patrik Laine.
12:08 of 3rd period - Puck is out of play.
12:09 of 3rd period - Jared Knight wins face-off versus Corey Trivino in Monsters zone.
12:09 of 3rd period - Jared Knight is hit by Mattias Tedenby.
12:38 of 3rd period - Adam Fox is hit by Mitch Marner.
12:42 of 3rd period - Viktor Loov is hit by Aaron Ness and loses puck.
13:03 of 3rd period - Slapshot by Adam Fox.
13:03 of 3rd period - Shot Misses the Net.
13:05 of 3rd period - Slapshot by Adam Fox.
13:05 of 3rd period - Stopped by Eric Comrie without a rebound.
13:06 of 3rd period - Peter Holland wins face-off versus Christian Hanson in Monsters zone.
13:07 of 3rd period - Wrist shot by Adrian Kempe.
13:07 of 3rd period - Stopped by Eric Comrie without a rebound.
13:08 of 3rd period - Peter Holland wins face-off versus Christian Hanson in Monsters zone.
13:38 of 3rd period - Slapshot by Matt Calvert.
13:38 of 3rd period - Shot Blocked by Jiri Sekac.
13:56 of 3rd period - Slapshot by Adam Fox.
13:56 of 3rd period - Stopped by Eric Comrie without a rebound.
13:57 of 3rd period - Jared Knight wins face-off versus Mason Appleton in Monsters zone.
14:02 of 3rd period - Wrist shot by Bobby Farnham.
14:02 of 3rd period - Stopped by Igor Shesterkin with a rebound.
14:04 of 3rd period - Wrist shot by Austin Watson.
14:04 of 3rd period - Shot Blocked by Mason Appleton.
14:06 of 3rd period - Snap shot by Morgan Rielly.
14:06 of 3rd period - Shot Blocked by Adam Fox.
14:08 of 3rd period - Slapshot by Bobby Farnham.
14:08 of 3rd period - Stopped by Igor Shesterkin without a rebound.
14:09 of 3rd period - Christian Hanson wins face-off versus Mattias Tedenby in Rocket zone.
14:10 of 3rd period - Slapshot by Ondrej Kase.
14:10 of 3rd period - Stopped by Igor Shesterkin with a rebound.
14:18 of 3rd period - Wrist shot by Patrik Laine.
14:18 of 3rd period - Deflect By Ondrej Kase.
14:18 of 3rd period - Shot Blocked by Corey Trivino.
14:18 of 3rd period - Puck is out of play.
14:19 of 3rd period - Corey Trivino wins face-off versus Christian Hanson in Rocket zone.
14:28 of 3rd period - Snap shot by Brandon Pirri.
14:28 of 3rd period - Shot Misses the Net.
14:30 of 3rd period - Snap shot by Brandon Pirri.
14:30 of 3rd period - Stopped by Eric Comrie with a rebound.
14:32 of 3rd period - Slapshot by Adam Fox.
14:32 of 3rd period - Shot Misses the Net.
14:34 of 3rd period - Wrist shot by Corey Trivino.
14:34 of 3rd period - Stopped by Eric Comrie with a rebound.
14:36 of 3rd period - Slapshot by Viktor Loov.
14:36 of 3rd period - Stopped by Eric Comrie without a rebound.
14:37 of 3rd period - Ryan Fitzgerald wins face-off versus Peter Holland in Monsters zone.
14:39 of 3rd period - Icing by Mitch Marner.
14:40 of 3rd period - Peter Holland wins face-off versus Ryan Fitzgerald in Monsters zone.
14:45 of 3rd period - Snap shot by Adrian Kempe.
14:45 of 3rd period - Stopped by Eric Comrie with a rebound.
15:00 of 3rd period - Peter Holland is hit by Ryan Fitzgerald and loses puck.
15:15 of 3rd period - Adam Fox is hit by Ryan Fitzgerald and loses puck.
15:32 of 3rd period - Ryan Fitzgerald is hit by Danton Heinen and loses puck.
16:25 of 3rd period - Snap shot by Mitch Marner.
16:25 of 3rd period - Shot Misses the Net.
17:09 of 3rd period - Wrist shot by Mitch Marner.
17:09 of 3rd period - Shot Blocked by Viktor Loov.
17:15 of 3rd period - Slapshot by Viktor Loov.
17:15 of 3rd period - Shot Misses the Net.
17:17 of 3rd period - Snap shot by Danton Heinen.
17:17 of 3rd period - Shot Blocked by Matt Calvert.
17:19 of 3rd period - Slapshot by Peter Holland.
17:19 of 3rd period - Shot Hit the Post.
17:21 of 3rd period - Snap shot by Peter Holland.
17:21 of 3rd period - Shot Misses the Net.
17:29 of 3rd period - Slapshot by Adrian Kempe.
17:29 of 3rd period - Shot Misses the Net.
17:45 of 3rd period - Slapshot by Peter Holland.
17:45 of 3rd period - Shot Misses the Net.
17:47 of 3rd period - Slapshot by Danton Heinen.
17:47 of 3rd period - Deflect By Adrian Kempe.
17:47 of 3rd period - Goal by Adrian Kempe - Rocket : 4 - Monsters : 3.
17:48 of 3rd period - Jared Knight wins face-off versus Dominic Turgeon in neutral zone.
18:47 of 3rd period - Off-side.
18:48 of 3rd period - Tony Twist call a timeout for Monsters.
18:48 of 3rd period - Jared Knight wins face-off versus Corey Trivino in neutral zone.
18:58 of 3rd period - Jared Knight is hit by Dean Kukan and loses puck.
19:49 of 3rd period - Snap shot by Brandon Pirri.
19:49 of 3rd period - Shot Blocked by Tarmo Reunanen.
19:51 of 3rd period - Snap shot by Corey Trivino.
19:51 of 3rd period - Stopped by Eric Comrie with a rebound.
19:53 of 3rd period - Snap shot by Corey Trivino.
19:53 of 3rd period - Stopped by Eric Comrie with a rebound.
Goals for this period are 1 for Rocket vs 1 for Monsters.
Shots for this period are 14 for Rocket vs 9 for Monsters.